Oilers vs Capitals

Created - April 20, 2022 at 19:03

Goals
1 2 3 T
Oilers 1 0 0 1
Capitals 1 1 1 3
Shots
1 2 3 T
Oilers 8 21 2 31
Capitals 3 20 11 34

1st period

1. Capitals , Jujhar Khaira 7 (Brad Richardson 15, Steve Bernier 15) at 6:25
2. Oilers , Connor McDavid 26 (Evander Kane 48, Cam Barker 17) at 15:01

Penalties :
Connor McDavid (Edm) for Roughing (Minor) at 0:22, Victor Hedman (Was) for Charging (Minor) at 15:20

2nd period

3. Capitals , Blake Pietila 9 (Cody Hodgson 21, Nikita Zaitsev 10) at 15:06

Penalties :
Connor McDavid (Edm) for Hooking (Minor) at 9:12, Trevor Daley (Was) for Elbowing (Minor) at 16:59

3rd period

4. Capitals , Brad Richardson 10 (Jujhar Khaira 14) at 0:34

Penalties :
Adam Larsson (Edm) for Hooking (Minor) at 5:27, Adam Larsson (Edm) for Hooking (Minor) at 8:49, Evander Kane (Edm) for Tripping (Minor) at 14:02

Goalie Stats

James Reimer (Edm), 31 saves from 34 shots - (0.912), L, 25-16-6, 60:00 minutes
Chet Pickard (Was), 30 saves from 31 shots - (0.968), W, 9-3-2, 60:00 minutes

Players Stats for Oilers

Player Name              G  A  P  +/- PIM S  H  SB GA TA FO     MP     PP MP  PK MP  
------------------------------------------------------------------------------------
Adam Larsson             0  0  0  -3  4   1  1  0  0  0  0/0    21:27   0:00   2:23 
Benoit Pouliot           0  0  0  -1  0   2  3  0  1  2  0/0    16:39   0:05   4:11 
Cam Barker               0  1  1   0  0   0  1  0  0  1  0/0    22:54   1:26   5:56 
Connor McDavid           1  0  1  -1  4   8  2  0  1  0  13/25  20:39   2:02   1:32 
Darnell Nurse            0  0  0   1  0   0  0  1  0  1  0/0    13:03   1:26   1:02 
Duncan Keith             0  0  0   1  0   0  1  0  0  0  0/0    15:53   2:32   0:22 
Dustin Brown             0  0  0   0  0   1  1  2  0  0  0/0    10:13   0:05   0:00 
Evander Kane             0  1  1  -1  2   3  0  1  1  0  0/0    19:04   2:02   0:00 
Jordan Eberle            0  0  0  -1  0   6  3  0  0  1  1/1    18:24   1:51   5:07 
Kasperi Kapanen          0  0  0   0  0   0  2  0  0  0  0/0     7:11   0:00   0:00 
Leon Draisaitl           0  0  0   0  0   2  0  0  0  0  0/0    12:58   2:02   0:37 
Maxim Lapierre           0  0  0   0  0   0  0  0  0  0  0/1    10:14   0:00   2:53 
Rasmus Ristolainen       0  0  0  -3  0   2  2  0  0  2  0/0    24:15   2:32   4:20 
Ryan Nugent-Hopkins      0  0  0  -1  0   3  1  0  0  2  5/17   18:36   1:51   5:07 
Taylor Hall              0  0  0  -1  0   0  2  0  0  0  1/3    18:50   1:51   0:00 
Ted Purcell              0  0  0   0  0   1  1  0  0  0  0/0     7:11   0:00   0:00 
Tobias Enstrom           0  0  0   0  0   1  0  0  0  1  0/0    21:49   0:00   5:47 
Yanni Gourde             0  0  0   0  0   1  1  0  0  0  4/5    10:40   0:05   0:23 

Players Stats for Capitals

Player Name              G  A  P  +/- PIM S  H  SB GA TA FO     MP     PP MP  PK MP  
------------------------------------------------------------------------------------
Alexander Radulov        0  0  0   0  0   1  1  0  0  0  0/0    15:47   4:30   0:00 
Alexei Marchenko         0  0  0   3  0   0  1  1  1  0  0/0    27:05   5:26   1:59 
Blake Pietila            1  0  1   1  0   3  2  0  0  0  0/1    21:44   4:30   1:39 
Brad Richardson          1  1  2   1  0   9  0  0  0  0  2/3    12:00   0:08   1:11 
Cameron Gaunce           0  0  0   0  0   1  3  1  0  0  0/0    19:07   3:18   1:13 
Cody Hodgson             0  1  1   1  0   2  0  0  0  0  17/29  20:58   5:17   0:07 
Jason Spezza             0  0  0   1  0   4  4  0  0  0  2/2    21:40   5:17   0:36 
Jujhar Khaira            1  1  2   1  0   3  1  0  1  0  0/0    11:29   0:16   0:18 
Logan Couture            0  0  0   0  0   1  1  0  0  0  6/12   17:03   4:30   2:04 
Mark Stone               0  0  0   0  0   0  3  0  2  0  0/0    10:37   0:08   0:00 
Mike Cammalleri          0  0  0   0  0   1  1  0  1  0  0/2    17:38   5:09   2:01 
Nikita Zaitsev           0  1  1   3  0   1  2  0  1  1  0/0    22:27   3:08   2:12 
Patrick Sharp            0  0  0   0  0   1  0  0  0  0  0/0     9:42   0:00   0:00 
PK Subban                0  0  0  -1  0   0  0  1  0  0  0/0    11:51   1:11   1:09 
Sean Monahan             0  0  0   0  0   1  0  0  1  0  1/3     9:25   0:00   0:00 
Steve Bernier            0  1  1   1  0   2  0  0  0  0  0/0     9:16   0:00   0:00 
Trevor Daley             0  0  0   0  2   3  0  0  0  1  0/0    13:32   0:00   0:16 
Victor Hedman            0  0  0  -1  2   1  1  0  3  1  0/0    24:39   6:47   1:07 

3 Stars

1 - Chet Pickard (Was)
2 - Jujhar Khaira (Was)
3 - Brad Richardson (Was)

Power Play

Oilers - 0 on 2 Attempt(s) - 0.00%
Capitals - 0 on 5 Attempt(s) - 0.00%

Penalty Kill

Oilers - 5 on 5 Attempt(s) - 100.00% - Score 0 goal in Penalty Kill
Capitals - 2 on 2 Attempt(s) - 100.00% - Score 0 goal in Penalty Kill

Team Stat

Oilers - Hits : 21 - Faceoff Wins : 24 - Blocked Shots : 4 - Penalty Minutes : 10
Capitals - Hits : 20 - Faceoff Wins : 28 - Blocked Shots : 3 - Penalty Minutes : 4

Official

Referees : Pierre Lambert and Frederick L'Ecuyer
Linesman : Brandon Gawryletz and Steve Miller

Game Notes

PK Subban is injured at 8:44 of 2nd period (Back Spasms)
Darnell Nurse is injured at 10:57 of 3rd period (Bruised Left Arm)

Finance

Level 1 -- Attendance: 6000 (100.00%) -- Ticket Income $600,000
Level 2 -- Attendance: 4627 (92.54%) -- Ticket Income $277,620
Level 3 -- Attendance: 1941 (97.05%) -- Ticket Income $67,935
Level 4 -- Attendance: 3663 (91.58%) -- Ticket Income $91,575
Luxury Box -- Attendance: 933 (93.30%) -- Ticket Income $186,600
Game was played at the Capital One Arena.
Total Attendance: 17164 (95.36%)
Total Ticket Income: $1,223,730
Other Income: $183,560
Total Income: $1,407,290

Oilers

5 vs 5 Forward 
   Center                   Left Wing                Right Wing               Time % Phy DF OF 
 1 Connor McDavid           Taylor Hall              Evander Kane             40     1   2  2  
 2 Ryan Nugent-Hopkins      Benoit Pouliot           Jordan Eberle            30     1   2  2  
 3 Yanni Gourde             Leon Draisaitl           Dustin Brown             20     1   2  2  
 4 Maxim Lapierre           Ted Purcell              Kasperi Kapanen          10     1   2  2  

5 vs 5 Defense 
   Defense                  Defense                                           Time % Phy DF OF 
 1 Adam Larsson             Rasmus Ristolainen                                40     1   2  2  
 2 Cam Barker               Tobias Enstrom                                    30     1   2  2  
 3 Duncan Keith             Darnell Nurse                                     20     1   2  2  
 4 Darnell Nurse            Duncan Keith                                      10     1   2  2  

PowerPlay Forward 
   Center                   Left Wing                Right Wing               Time % Phy DF OF 
 1 Connor McDavid           Leon Draisaitl           Evander Kane             60     1   2  2  
 2 Ryan Nugent-Hopkins      Taylor Hall              Jordan Eberle            40     1   2  2  

PowerPlay Defense
   Defense                  Defense                                           Time % Phy DF OF 
 1 Rasmus Ristolainen       Duncan Keith                                      60     1   2  2  
 2 Cam Barker               Darnell Nurse                                     40     1   2  2  

Penalty Kill 4 Players Forward 
   Center                   Wing                     Time % Phy DF OF 
 1 Ryan Nugent-Hopkins      Jordan Eberle            60     1   2  2  
 2 Maxim Lapierre           Benoit Pouliot           40     1   2  2  

Penalty Kill 4 Players Defense
   Defense                  Defense                  Time % Phy DF OF 
 1 Cam Barker               Tobias Enstrom           60     1   2  2  
 2 Rasmus Ristolainen       Adam Larsson             40     1   2  2  

Penalty Kill - 3 Players Forward 
   Forward                                           Time % Phy DF OF 
 1 Maxim Lapierre                                    60     1   2  2  
 2 Ryan Nugent-Hopkins                               40     1   2  2  

Penalty Kill - 3 Players Defense
   Defense                  Defense                  Time % Phy DF OF 
 1 Cam Barker               Tobias Enstrom           60     1   2  2  
 2 Rasmus Ristolainen       Adam Larsson             40     1   2  2  

4 vs 4 Forward 
   Center                   Wing                     Time % Phy DF OF 
 1 Yanni Gourde             Taylor Hall              60     1   2  2  
 2 Ryan Nugent-Hopkins      Benoit Pouliot           40     1   2  2  

4 vs 4 Defense
   Defense                  Defense                  Time % Phy DF OF 
 1 Cam Barker               Darnell Nurse            60     1   2  2  
 2 Rasmus Ristolainen       Adam Larsson             40     1   2  2  

Last Minutes Offensive
   Center                   Left Wing                Right Wing               Defense                  Defense                  
   Ryan Nugent-Hopkins      Taylor Hall              Evander Kane             Cam Barker               Rasmus Ristolainen       

Last Minutes Defensive
   Center                   Left Wing                Right Wing               Defense                  Defense                  
   Ryan Nugent-Hopkins      Taylor Hall              Jordan Eberle            Cam Barker               Rasmus Ristolainen       

Goaltenders
Starting : James Reimer             
Backup : Jonas Hiller             

Extra Forwards
Normal : Yanni Gourde, Leon Draisaitl, Ryan Nugent-Hopkins - PP : Yanni Gourde, Leon Draisaitl - PK : Connor McDavid
Extra Defensemen
Normal : Adam Larsson, Tobias Enstrom, Darnell Nurse - PP : Adam Larsson - PK : Adam Larsson, Tobias Enstrom
Penalty Shots
Connor McDavid, Evander Kane, Benoit Pouliot, Ted Purcell, Taylor Hall

Scratches
Andy Rogers (Healthy), Jordan Caron (Healthy)

Capitals

5 vs 5 Forward 
   Center                   Left Wing                Right Wing               Time % Phy DF OF 
 1 Cody Hodgson             Blake Pietila            Jason Spezza             35     0   1  4  
 2 Logan Couture            Mike Cammalleri          Alexander Radulov        25     0   2  3  
 3 Sean Monahan             Patrick Sharp            Mark Stone               20     0   2  3  
 4 Brad Richardson          Jujhar Khaira            Steve Bernier            20     0   3  2  

5 vs 5 Defense 
   Defense                  Defense                                           Time % Phy DF OF 
 1 Victor Hedman            PK Subban                                         35     0   3  2  
 2 Alexei Marchenko         Nikita Zaitsev                                    35     0   4  1  
 3 Trevor Daley             Cameron Gaunce                                    25     0   4  1  
 4 Victor Hedman            PK Subban                                         5      0   3  2  

PowerPlay Forward 
   Center                   Left Wing                Right Wing               Time % Phy DF OF 
 1 Cody Hodgson             Mike Cammalleri          Jason Spezza             60     0   1  4  
 2 Logan Couture            Blake Pietila            Alexander Radulov        40     0   1  4  

PowerPlay Defense
   Defense                  Defense                                           Time % Phy DF OF 
 1 PK Subban                Victor Hedman                                     60     0   2  3  
 2 Cameron Gaunce           Nikita Zaitsev                                    40     0   2  3  

Penalty Kill 4 Players Forward 
   Center                   Wing                     Time % Phy DF OF 
 1 Logan Couture            Mike Cammalleri          60     0   4  1  
 2 Jason Spezza             Blake Pietila            40     0   4  1  

Penalty Kill 4 Players Defense
   Defense                  Defense                  Time % Phy DF OF 
 1 PK Subban                Alexei Marchenko         60     0   4  1  
 2 Victor Hedman            Nikita Zaitsev           40     0   4  1  

Penalty Kill - 3 Players Forward 
   Forward                                           Time % Phy DF OF 
 1 Logan Couture                                     60     0   5  0  
 2 Jason Spezza                                      40     0   5  0  

Penalty Kill - 3 Players Defense
   Defense                  Defense                  Time % Phy DF OF 
 1 PK Subban                Alexei Marchenko         60     0   5  0  
 2 Victor Hedman            Nikita Zaitsev           40     0   5  0  

4 vs 4 Forward 
   Center                   Wing                     Time % Phy DF OF 
 1 Cody Hodgson             Jason Spezza             60     0   2  3  
 2 Logan Couture            Alexander Radulov        40     0   2  3  

4 vs 4 Defense
   Defense                  Defense                  Time % Phy DF OF 
 1 PK Subban                Victor Hedman            60     0   2  3  
 2 Cameron Gaunce           Alexei Marchenko         40     0   2  3  

Last Minutes Offensive
   Center                   Left Wing                Right Wing               Defense                  Defense                  
   Cody Hodgson             Mike Cammalleri          Jason Spezza             PK Subban                Victor Hedman            

Last Minutes Defensive
   Center                   Left Wing                Right Wing               Defense                  Defense                  
   Logan Couture            Mike Cammalleri          Jason Spezza             PK Subban                Victor Hedman            

Goaltenders
Starting : Chet Pickard             
Backup : Cory Schneider           

Extra Forwards
Normal : Jason Spezza, Cody Hodgson, Logan Couture - PP : Jason Spezza, Cody Hodgson - PK : Logan Couture
Extra Defensemen
Normal : PK Subban, Victor Hedman, Alexei Marchenko - PP : PK Subban - PK : Victor Hedman, PK Subban
Penalty Shots
Jason Spezza, Cody Hodgson, Mike Cammalleri, Alexander Radulov, Victor Hedman

Scratches
Brian Ferlin (Healthy), Jared Spurgeon (Healthy), Kevin Connauton (Healthy), Martins Karsums (Healthy)

% Time on Ice - Oilers

Lines # - Real PCT - Wanted PCT - Time Play
Normal Forward
1 - 39% - 40% - 18:02
2 - 24% - 30% - 11:17
3 - 21% - 20% - 9:37
4 - 16% - 10% - 7:11
Normal Defense
1 - 37% - 40% - 16:59
2 - 31% - 30% - 14:16
3 - 23% - 20% - 10:29
4 - 10% - 10% - 4:23
PP Forward
1 - 53% - 60% - 2:07
2 - 47% - 40% - 1:51
PP Defense
1 - 64% - 60% - 2:32
2 - 36% - 40% - 1:26
PK Forward
1 - 75% - 60% - 7:25
2 - 25% - 40% - 2:30
PK Defense
1 - 50% - 60% - 5:00
2 - 50% - 40% - 4:55
PK3 Forward
1 - 0% - 60%
2 - 0% - 40%
PK3 Defense
1 - 0% - 60%
2 - 0% - 40%
44 Forward
1 - 0% - 60%
2 - 0% - 40%
44 Defense
1 - 0% - 60%
2 - 0% - 40%
Last Minute Offensive  - 0:00
Last Minute Defensive  - 0:00
Total
Forward - 60:00
Defense - 60:00

% Time on Ice - Capitals

Lines # - Real PCT - Wanted PCT - Time Play
Normal Forward
1 - 35% - 35% - 16:00
2 - 25% - 25% - 11:26
3 - 20% - 20% - 9:25
4 - 20% - 20% - 9:16
Normal Defense
1 - 42% - 35% - 19:15
2 - 33% - 35% - 15:13
3 - 23% - 25% - 10:38
4 - 2% - 5% - 1:01
PP Forward
1 - 55% - 60% - 5:25
2 - 45% - 40% - 4:30
PP Defense
1 - 68% - 60% - 6:47
2 - 32% - 40% - 3:08
PK Forward
1 - 85% - 60% - 3:22
2 - 15% - 40% - 0:36
PK Defense
1 - 58% - 60% - 2:18
2 - 42% - 40% - 1:40
PK3 Forward
1 - 0% - 60%
2 - 0% - 40%
PK3 Defense
1 - 0% - 60%
2 - 0% - 40%
44 Forward
1 - 0% - 60%
2 - 0% - 40%
44 Defense
1 - 0% - 60%
2 - 0% - 40%
Last Minute Offensive  - 0:00
Last Minute Defensive  - 0:00
Total
Forward - 60:00
Defense - 60:00

Play-by-Play

1st period


0:01 of 1st period - Connor McDavid wins face-off versus Cody Hodgson in neutral zone.
0:22 of 1st period - Minor Penalty to Connor McDavid for Roughing.
0:23 of 1st period - Cody Hodgson wins face-off versus Ryan Nugent-Hopkins in Oilers zone.
2:22 of 1st period - Penalty to Connor McDavid is over, Connor McDavid is back on ice.
2:43 of 1st period - Taylor Hall is hit by Victor Hedman.
2:53 of 1st period - Brad Richardson is hit by Yanni Gourde and loses puck.
3:28 of 1st period - Mike Cammalleri is hit by Benoit Pouliot and loses puck.
4:26 of 1st period - Adam Larsson is hit by Jason Spezza and loses puck.
4:42 of 1st period - Wrist shot by Jordan Eberle.
4:42 of 1st period - Stopped by Chet Pickard without a rebound.
4:43 of 1st period - Sean Monahan wins face-off versus Taylor Hall in Capitals zone.
4:48 of 1st period - Evander Kane is hit by Mark Stone and loses puck.
4:59 of 1st period - Wrist shot by Connor McDavid.
4:59 of 1st period - Shot Misses the Net.
6:25 of 1st period - Wrist shot by Jujhar Khaira.
6:25 of 1st period - Goal by Jujhar Khaira - Oilers : 0 - Capitals : 1.
6:26 of 1st period - Connor McDavid wins face-off versus Cody Hodgson in neutral zone.
7:23 of 1st period - Snap shot by Steve Bernier.
7:23 of 1st period - Shot Misses the Net.
7:48 of 1st period - Snap shot by Blake Pietila.
7:48 of 1st period - Stopped by James Reimer with a rebound.
8:05 of 1st period - Icing by Logan Couture.
8:06 of 1st period - Logan Couture wins face-off versus Maxim Lapierre in Capitals zone.
8:30 of 1st period - Snap shot by Alexander Radulov.
8:30 of 1st period - Stopped by James Reimer without a rebound.
8:31 of 1st period - Cody Hodgson wins face-off versus Connor McDavid in Oilers zone.
8:32 of 1st period - Wrist shot by Blake Pietila.
8:32 of 1st period - Shot Misses the Net.
9:30 of 1st period - Wrist shot by Alexander Radulov.
9:30 of 1st period - Shot Misses the Net.
9:52 of 1st period - Snap shot by Ted Purcell.
9:52 of 1st period - Stopped by Chet Pickard with a rebound.
10:02 of 1st period - Trevor Daley is hit by Rasmus Ristolainen.
10:08 of 1st period - Taylor Hall is hit by Cameron Gaunce and loses puck.
10:23 of 1st period - Blake Pietila is hit by Ryan Nugent-Hopkins and loses puck.
11:06 of 1st period - Alexei Marchenko is hit by Duncan Keith and loses puck.
12:12 of 1st period - Wrist shot by Victor Hedman.
12:12 of 1st period - Shot Blocked by Dustin Brown.
13:05 of 1st period - Wrist shot by Evander Kane.
13:05 of 1st period - Stopped by Chet Pickard without a rebound.
13:06 of 1st period - Logan Couture wins face-off versus Ryan Nugent-Hopkins in Capitals zone.
13:13 of 1st period - Wrist shot by Logan Couture.
13:13 of 1st period - Shot Misses the Net.
13:31 of 1st period - Duncan Keith is hit by Nikita Zaitsev and loses puck.
13:42 of 1st period - Snap shot by Jordan Eberle.
13:42 of 1st period - Shot Misses the Net.
13:44 of 1st period - Snap shot by Adam Larsson.
13:44 of 1st period - Deflect By Sean Monahan.
13:44 of 1st period - Stopped by Chet Pickard with a rebound.
14:08 of 1st period - Snap shot by Benoit Pouliot.
14:08 of 1st period - Stopped by Chet Pickard with a rebound.
14:20 of 1st period - Slapshot by Jordan Eberle.
14:20 of 1st period - Stopped by Chet Pickard with a rebound.
14:22 of 1st period - Slapshot by Ryan Nugent-Hopkins.
14:22 of 1st period - Stopped by Chet Pickard without a rebound.
14:23 of 1st period - Connor McDavid wins face-off versus Cody Hodgson in Capitals zone.
15:01 of 1st period - Snap shot by Connor McDavid.
15:01 of 1st period - Goal by Connor McDavid - Oilers : 1 - Capitals : 1.
15:02 of 1st period - Yanni Gourde wins face-off versus Blake Pietila in neutral zone.
15:11 of 1st period - Snap shot by Blake Pietila.
15:11 of 1st period - Shot Misses the Net.
15:20 of 1st period - Minor Penalty to Victor Hedman for Charging.
15:21 of 1st period - Connor McDavid wins face-off versus Logan Couture in Capitals zone.
16:26 of 1st period - Alexei Marchenko is hit by Jordan Eberle and loses puck.
17:20 of 1st period - Penalty to Victor Hedman is over, Victor Hedman is back on ice.
17:41 of 1st period - Patrick Sharp is hit by Cam Barker and loses puck.
18:59 of 1st period - Jujhar Khaira is hit by Kasperi Kapanen and loses puck.
Goals for this period are 1 for Oilers vs 1 for Capitals.
Shots for this period are 8 for Oilers vs 3 for Capitals.

2nd period


0:01 of 2nd period - Connor McDavid wins face-off versus Cody Hodgson in neutral zone.
0:04 of 2nd period - Slapshot by Rasmus Ristolainen.
0:04 of 2nd period - Shot Blocked by Alexei Marchenko.
0:23 of 2nd period - Icing by Cody Hodgson.
0:24 of 2nd period - Ryan Nugent-Hopkins wins face-off versus Cody Hodgson in Capitals zone.
2:16 of 2nd period - Victor Hedman is hit by Taylor Hall and loses puck.
2:31 of 2nd period - Wrist shot by Brad Richardson.
2:31 of 2nd period - Stopped by James Reimer without a rebound.
2:32 of 2nd period - Yanni Gourde wins face-off versus Brad Richardson in Oilers zone.
2:41 of 2nd period - Slapshot by Yanni Gourde.
2:41 of 2nd period - Stopped by Chet Pickard without a rebound.
2:42 of 2nd period - Cody Hodgson wins face-off versus Connor McDavid in Capitals zone.
2:42 of 2nd period - Cody Hodgson is hit by Taylor Hall.
3:08 of 2nd period - Logan Couture is hit by Benoit Pouliot and loses puck.
3:29 of 2nd period - Slapshot by Victor Hedman.
3:29 of 2nd period - Deflect By Jujhar Khaira.
3:29 of 2nd period - Stopped by James Reimer with a rebound.
3:31 of 2nd period - Slapshot by Victor Hedman.
3:31 of 2nd period - Shot Misses the Net.
3:33 of 2nd period - Snap shot by Brad Richardson.
3:33 of 2nd period - Stopped by James Reimer with a rebound.
3:35 of 2nd period - Snap shot by Steve Bernier.
3:35 of 2nd period - Shot Blocked by Dustin Brown.
4:11 of 2nd period - Wrist shot by Evander Kane.
4:11 of 2nd period - Stopped by Chet Pickard with a rebound.
4:13 of 2nd period - Snap shot by Taylor Hall.
4:13 of 2nd period - Shot Misses the Net.
4:15 of 2nd period - Wrist shot by Connor McDavid.
4:15 of 2nd period - Stopped by Chet Pickard with a rebound.
4:17 of 2nd period - Slapshot by Evander Kane.
4:17 of 2nd period - Stopped by Chet Pickard without a rebound.
4:18 of 2nd period - Connor McDavid wins face-off versus Mike Cammalleri in Capitals zone.
4:31 of 2nd period - Adam Larsson is hit by Cameron Gaunce and loses puck.
5:08 of 2nd period - Yanni Gourde is hit by Cameron Gaunce and loses puck.
5:15 of 2nd period - Snap shot by Brad Richardson.
5:15 of 2nd period - Stopped by James Reimer without a rebound.
5:16 of 2nd period - Cody Hodgson wins face-off versus Connor McDavid in Oilers zone.
5:21 of 2nd period - Snap shot by Jason Spezza.
5:21 of 2nd period - Shot Misses the Net.
5:23 of 2nd period - Wrist shot by Nikita Zaitsev.
5:23 of 2nd period - Stopped by James Reimer without a rebound.
5:24 of 2nd period - Connor McDavid wins face-off versus Cody Hodgson in Oilers zone.
5:24 of 2nd period - Connor McDavid is hit by Blake Pietila.
5:32 of 2nd period - Slapshot by Blake Pietila.
5:32 of 2nd period - Stopped by James Reimer without a rebound.
5:33 of 2nd period - Taylor Hall wins face-off versus Cody Hodgson in Oilers zone.
6:05 of 2nd period - Snap shot by Jordan Eberle.
6:05 of 2nd period - Stopped by Chet Pickard with a rebound.
6:09 of 2nd period - Snap shot by Jordan Eberle.
6:09 of 2nd period - Stopped by Chet Pickard with a rebound.
6:25 of 2nd period - Snap shot by Brad Richardson.
6:25 of 2nd period - Stopped by James Reimer without a rebound.
6:26 of 2nd period - Brad Richardson wins face-off versus Connor McDavid in Oilers zone.
6:37 of 2nd period - Slapshot by Steve Bernier.
6:37 of 2nd period - Stopped by James Reimer with a rebound.
6:39 of 2nd period - Slapshot by Cameron Gaunce.
6:39 of 2nd period - Stopped by James Reimer with a rebound.
6:41 of 2nd period - Wrist shot by Brad Richardson.
6:41 of 2nd period - Stopped by James Reimer with a rebound.
6:43 of 2nd period - Backhand shot by Brad Richardson.
6:43 of 2nd period - Stopped by James Reimer with a rebound.
6:45 of 2nd period - Slapshot by Jujhar Khaira.
6:45 of 2nd period - Shot Blocked by Darnell Nurse.
6:47 of 2nd period - Slapshot by Brad Richardson.
6:47 of 2nd period - Stopped by James Reimer with a rebound.
6:49 of 2nd period - Snap shot by Brad Richardson.
6:49 of 2nd period - Stopped by James Reimer with a rebound.
6:51 of 2nd period - Wrist shot by Jujhar Khaira.
6:51 of 2nd period - Stopped by James Reimer with a rebound.
6:53 of 2nd period - Slapshot by Steve Bernier.
6:53 of 2nd period - Stopped by James Reimer without a rebound.
6:54 of 2nd period - Ryan Nugent-Hopkins wins face-off versus Cody Hodgson in Oilers zone.
7:00 of 2nd period - Rasmus Ristolainen is hit by Jason Spezza and loses puck.
7:31 of 2nd period - Slapshot by Dustin Brown.
7:31 of 2nd period - Shot Misses the Net.
7:33 of 2nd period - Slapshot by Rasmus Ristolainen.
7:33 of 2nd period - Stopped by Chet Pickard without a rebound.
7:34 of 2nd period - Connor McDavid wins face-off versus Sean Monahan in Capitals zone.
8:01 of 2nd period - Jason Spezza is hit by Jordan Eberle and loses puck.
8:08 of 2nd period - Wrist shot by Jordan Eberle.
8:08 of 2nd period - Stopped by Chet Pickard with a rebound.
8:12 of 2nd period - Slapshot by Benoit Pouliot.
8:12 of 2nd period - Stopped by Chet Pickard without a rebound.
8:13 of 2nd period - Yanni Gourde wins face-off versus Logan Couture in Capitals zone.
8:40 of 2nd period - Slapshot by Connor McDavid.
8:40 of 2nd period - Shot Misses the Net.
8:42 of 2nd period - Slapshot by Darnell Nurse.
8:42 of 2nd period - Shot Misses the Net.
8:44 of 2nd period - Snap shot by Evander Kane.
8:44 of 2nd period - Shot Blocked by PK Subban.
8:44 of 2nd period - PK Subban from Capitals is injured at 8:44 of 2nd period (Back Spasms).
8:45 of 2nd period - Cody Hodgson wins face-off versus Connor McDavid in Capitals zone.
8:50 of 2nd period - Wrist shot by Connor McDavid.
8:50 of 2nd period - Stopped by Chet Pickard without a rebound.
8:51 of 2nd period - Cody Hodgson wins face-off versus Connor McDavid in Capitals zone.
9:06 of 2nd period - Snap shot by Cody Hodgson.
9:06 of 2nd period - Shot Blocked by Evander Kane.
9:12 of 2nd period - Minor Penalty to Connor McDavid for Hooking.
9:13 of 2nd period - Cody Hodgson wins face-off versus Ryan Nugent-Hopkins in Oilers zone.
11:12 of 2nd period - Penalty to Connor McDavid is over, Connor McDavid is back on ice.
11:18 of 2nd period - Backhand shot by Connor McDavid.
11:18 of 2nd period - Stopped by Chet Pickard with a rebound.
11:20 of 2nd period - Snap shot by Cam Barker.
11:20 of 2nd period - Shot Misses the Net.
11:26 of 2nd period - Snap shot by Connor McDavid.
11:26 of 2nd period - Stopped by Chet Pickard without a rebound.
11:27 of 2nd period - Connor McDavid wins face-off versus Sean Monahan in Capitals zone.
11:30 of 2nd period - Snap shot by Connor McDavid.
11:30 of 2nd period - Stopped by Chet Pickard with a rebound.
11:40 of 2nd period - Wrist shot by Connor McDavid.
11:40 of 2nd period - Shot Blocked by Cameron Gaunce.
12:34 of 2nd period - Cody Hodgson is hit by Kasperi Kapanen and loses puck.
12:47 of 2nd period - Slapshot by Cody Hodgson.
12:47 of 2nd period - Shot Misses the Net.
12:49 of 2nd period - Slapshot by Victor Hedman.
12:49 of 2nd period - Stopped by James Reimer with a rebound.
12:53 of 2nd period - Snap shot by Jason Spezza.
12:53 of 2nd period - Stopped by James Reimer without a rebound.
12:54 of 2nd period - Ryan Nugent-Hopkins wins face-off versus Logan Couture in Oilers zone.
13:05 of 2nd period - Wrist shot by Benoit Pouliot.
13:05 of 2nd period - Deflect By Ryan Nugent-Hopkins.
13:05 of 2nd period - Stopped by Chet Pickard with a rebound.
13:07 of 2nd period - Slapshot by Ryan Nugent-Hopkins.
13:07 of 2nd period - Stopped by Chet Pickard with a rebound.
13:09 of 2nd period - Snap shot by Jordan Eberle.
13:09 of 2nd period - Stopped by Chet Pickard with a rebound.
13:21 of 2nd period - Tobias Enstrom is hit by Mark Stone and loses puck.
13:48 of 2nd period - Slapshot by Leon Draisaitl.
13:48 of 2nd period - Deflect By Dustin Brown.
13:48 of 2nd period - Stopped by Chet Pickard with a rebound.
13:50 of 2nd period - Backhand shot by Tobias Enstrom.
13:50 of 2nd period - Stopped by Chet Pickard without a rebound.
13:51 of 2nd period - Ryan Nugent-Hopkins wins face-off versus Cody Hodgson in Capitals zone.
13:52 of 2nd period - Slapshot by Rasmus Ristolainen.
13:52 of 2nd period - Stopped by Chet Pickard without a rebound.
13:53 of 2nd period - Cody Hodgson wins face-off versus Ryan Nugent-Hopkins in Capitals zone.
14:19 of 2nd period - Icing by Cameron Gaunce.
14:20 of 2nd period - Connor McDavid wins face-off versus Logan Couture in Capitals zone.
14:23 of 2nd period - Snap shot by Connor McDavid.
14:23 of 2nd period - Stopped by Chet Pickard with a rebound.
14:30 of 2nd period - Off-side.
14:31 of 2nd period - Cody Hodgson wins face-off versus Connor McDavid in neutral zone.
14:38 of 2nd period - Snap shot by Cody Hodgson.
14:38 of 2nd period - Stopped by James Reimer without a rebound.
14:39 of 2nd period - Connor McDavid wins face-off versus Cody Hodgson in Oilers zone.
15:06 of 2nd period - Wrist shot by Blake Pietila.
15:06 of 2nd period - Goal by Blake Pietila - Oilers : 1 - Capitals : 2.
15:07 of 2nd period - Cody Hodgson wins face-off versus Ryan Nugent-Hopkins in neutral zone.
15:12 of 2nd period - Snap shot by Jason Spezza.
15:12 of 2nd period - Stopped by James Reimer without a rebound.
15:13 of 2nd period - Cody Hodgson wins face-off versus Ryan Nugent-Hopkins in Oilers zone.
15:42 of 2nd period - Backhand shot by Connor McDavid.
15:42 of 2nd period - Stopped by Chet Pickard with a rebound.
16:59 of 2nd period - Minor Penalty to Trevor Daley for Elbowing.
17:00 of 2nd period - Logan Couture wins face-off versus Connor McDavid in Capitals zone.
17:00 of 2nd period - Logan Couture is hit by Rasmus Ristolainen.
18:59 of 2nd period - Penalty to Trevor Daley is over, Trevor Daley is back on ice.
19:48 of 2nd period - Jordan Eberle is hit by Alexander Radulov and loses puck.
Goals for this period are 0 for Oilers vs 1 for Capitals.
Shots for this period are 21 for Oilers vs 20 for Capitals.

3rd period


0:01 of 3rd period - Cody Hodgson wins face-off versus Connor McDavid in neutral zone.
0:13 of 3rd period - Taylor Hall is hit by Blake Pietila and loses puck.
0:28 of 3rd period - Snap shot by Brad Richardson.
0:28 of 3rd period - Shot Misses the Net.
0:34 of 3rd period - Wrist shot by Brad Richardson.
0:34 of 3rd period - Goal by Brad Richardson - Oilers : 1 - Capitals : 3.
0:35 of 3rd period - Logan Couture wins face-off versus Ryan Nugent-Hopkins in neutral zone.
0:39 of 3rd period - Alexei Marchenko is hit by Adam Larsson and loses puck.
1:16 of 3rd period - Cody Hodgson is hit by Connor McDavid and loses puck.
1:56 of 3rd period - Mark Stone is hit by Ted Purcell and loses puck.
2:23 of 3rd period - Off-side.
2:24 of 3rd period - Logan Couture wins face-off versus Connor McDavid in neutral zone.
2:37 of 3rd period - Snap shot by Alexander Radulov.
2:37 of 3rd period - Shot Misses the Net.
2:39 of 3rd period - Snap shot by Mike Cammalleri.
2:39 of 3rd period - Stopped by James Reimer with a rebound.
2:56 of 3rd period - Adam Larsson is hit by Jason Spezza and loses puck.
3:11 of 3rd period - Wrist shot by Leon Draisaitl.
3:11 of 3rd period - Stopped by Chet Pickard with a rebound.
4:09 of 3rd period - Taylor Hall is hit by Jason Spezza and loses puck.
4:20 of 3rd period - Snap shot by Patrick Sharp.
4:20 of 3rd period - Shot Misses the Net.
4:22 of 3rd period - Slapshot by Sean Monahan.
4:22 of 3rd period - Stopped by James Reimer with a rebound.
4:24 of 3rd period - Snap shot by Patrick Sharp.
4:24 of 3rd period - Stopped by James Reimer with a rebound.
4:26 of 3rd period - Slapshot by Trevor Daley.
4:26 of 3rd period - Stopped by James Reimer with a rebound.
4:28 of 3rd period - Snap shot by Trevor Daley.
4:28 of 3rd period - Stopped by James Reimer without a rebound.
4:29 of 3rd period - Brad Richardson wins face-off versus Ryan Nugent-Hopkins in Oilers zone.
5:04 of 3rd period - Wrist shot by Yanni Gourde.
5:04 of 3rd period - Shot Misses the Net.
5:06 of 3rd period - Slapshot by Leon Draisaitl.
5:06 of 3rd period - Stopped by Chet Pickard without a rebound.
5:07 of 3rd period - Connor McDavid wins face-off versus Cody Hodgson in Capitals zone.
5:19 of 3rd period - Off-side.
5:20 of 3rd period - Logan Couture wins face-off versus Connor McDavid in neutral zone.
5:25 of 3rd period - Wrist shot by Trevor Daley.
5:25 of 3rd period - Stopped by James Reimer with a rebound.
5:27 of 3rd period - Minor Penalty to Adam Larsson for Hooking.
5:28 of 3rd period - Cody Hodgson wins face-off versus Ryan Nugent-Hopkins in Oilers zone.
5:59 of 3rd period - Wrist shot by Logan Couture.
5:59 of 3rd period - Stopped by James Reimer without a rebound.
6:00 of 3rd period - Jordan Eberle wins face-off versus Cody Hodgson in Oilers zone.
7:06 of 3rd period - Darnell Nurse is hit by Mike Cammalleri and loses puck.
7:27 of 3rd period - Penalty to Adam Larsson is over, Adam Larsson is back on ice.
8:14 of 3rd period - Kasperi Kapanen is hit by Jujhar Khaira and loses puck.
8:22 of 3rd period - Icing by Cam Barker.
8:23 of 3rd period - Yanni Gourde wins face-off versus Logan Couture in Oilers zone.
8:29 of 3rd period - Off-side.
8:30 of 3rd period - Cody Hodgson wins face-off versus Yanni Gourde in neutral zone.
8:43 of 3rd period - Slapshot by Cody Hodgson.
8:43 of 3rd period - Shot Misses the Net.
8:45 of 3rd period - Snap shot by Jason Spezza.
8:45 of 3rd period - Stopped by James Reimer without a rebound.
8:46 of 3rd period - Connor McDavid wins face-off versus Mike Cammalleri in Oilers zone.
8:46 of 3rd period - Connor McDavid is hit by Logan Couture.
8:49 of 3rd period - Minor Penalty to Adam Larsson for Hooking.
8:50 of 3rd period - Jason Spezza wins face-off versus Ryan Nugent-Hopkins in Oilers zone.
10:49 of 3rd period - Penalty to Adam Larsson is over, Adam Larsson is back on ice.
10:56 of 3rd period - Darnell Nurse is hit by Alexei Marchenko.
10:57 of 3rd period - Darnell Nurse from Oilers is injured at 10:57 of 3rd period (Bruised Left Arm).
10:58 of 3rd period - Cody Hodgson wins face-off versus Connor McDavid in Oilers zone.
11:20 of 3rd period - Icing by Connor McDavid.
11:21 of 3rd period - Ryan Nugent-Hopkins wins face-off versus Logan Couture in Oilers zone.
11:26 of 3rd period - Alexander Radulov is hit by Jordan Eberle and loses puck.
11:53 of 3rd period - Wrist shot by Cody Hodgson.
11:53 of 3rd period - Stopped by James Reimer without a rebound.
11:54 of 3rd period - Cody Hodgson wins face-off versus Taylor Hall in Oilers zone.
12:50 of 3rd period - Off-side.
12:51 of 3rd period - Jason Spezza wins face-off versus Ryan Nugent-Hopkins in neutral zone.
13:02 of 3rd period - Snap shot by Jason Spezza.
13:02 of 3rd period - Shot Misses the Net.
14:02 of 3rd period - Minor Penalty to Evander Kane for Tripping.
14:03 of 3rd period - Cody Hodgson wins face-off versus Ryan Nugent-Hopkins in Oilers zone.
14:11 of 3rd period - Slapshot by Jason Spezza.
14:11 of 3rd period - Stopped by James Reimer with a rebound.
16:02 of 3rd period - Penalty to Evander Kane is over, Evander Kane is back on ice.
16:56 of 3rd period - Evander Kane is hit by Nikita Zaitsev and loses puck.
17:14 of 3rd period - Cody Hodgson is hit by Benoit Pouliot and loses puck.
18:49 of 3rd period - Logan Couture is hit by Connor McDavid and loses puck.
19:04 of 3rd period - Taylor Hall is hit by Mark Stone and loses puck.
19:43 of 3rd period - Trevor Daley is hit by Dustin Brown.
Goals for this period are 0 for Oilers vs 1 for Capitals.
Shots for this period are 2 for Oilers vs 11 for Capitals.